 Dungeon Crawl Stone Soup version 0.32-a0-928-g1cae6b7ea0 (webtiles) character file.

Game seed: 6751914596275549098

3436 Barill the Ducker (level 9, -2/62 HPs)
             Began as a Demonspawn Wanderer on Apr 13, 2024.
             Was a Believer of Uskayaw.
             Slain by an orc warrior
             ... wielding a +0 halberd
              (16 damage)
             ... in a bailey.
             The game lasted 00:42:13 (8127 turns).

Barill the Ducker (Demonspawn Wanderer)             Turns: 8127, Time: 00:42:15

Health: -2/62      AC:  9    Str: 10    XL:     9   Next: 77%
Magic:  0/16       EV: 13    Int: 24    God:    Uskayaw [**....]
Gold:   440        SH:  0    Dex: 14    Spells: 16/17 levels left

rFire   + . .        E - +5 dagger
rCold   . . .        (no shield)
rNeg    . . .        c - +2 robe
rPois   .            B - +2 helmet
rElec   .            (no cloak)
rCorr   .            (gloves unavailable)
SInv    .            (no boots)
Will    .....        D - amulet of regeneration
Stlth   +++          h - +6 ring of intelligence
HPRegen 1.10/turn    g - ring of protection from fire
MPRegen 0.30/turn

%: guardian spirit
@: no status effects
A: thin metallic scales 1, magic shield, magic regeneration, demonic magic 1,
demonic touch 3
a: Renounce Religion, Stomp, Line Pass


You were in a bailey.
You worshipped Uskayaw.
Uskayaw was noncommittal.
You visited 2 branches of the dungeon, and saw 10 of its levels.
You also visited: Bailey.

You collected 440 gold pieces.

Inventory:

Hand Weapons
 a - a +1 dagger
 E - a +5 dagger (weapon)
Missiles
 f - 10 atropa-tipped darts
Armour
 c - a +2 robe (worn)
 B - a +2 helmet (worn)
Magical Staves
 A - a staff of alchemy
Jewellery
 d - a ring of ice
 e - a +6 ring of strength
 g - a ring of protection from fire (right hand)
 h - a +6 ring of intelligence (left hand)
 j - an amulet of faith
 l - a +6 ring of dexterity
 v - a ring of protection from fire
 x - an amulet of guardian spirit
 y - a ring of positive energy
 D - an amulet of regeneration (around neck)
 G - a ring of willpower
Wands
 k - a wand of iceblast (17)
 u - a wand of flame (48)
Scrolls
 b - 3 scrolls of fog
 i - a scroll of brand weapon {unknown}
 n - 8 scrolls of identify
 o - a scroll of vulnerability
 q - a scroll of fear
 s - 5 scrolls of teleportation
 C - a scroll of poison {unknown}
 F - a scroll of amnesia {unknown}
 H - a scroll of enchant armour
Potions
 m - a potion of heal wounds
 p - a potion of cancellation
 r - a potion of haste
 t - a potion of resistance
 w - a potion of curing
 z - 2 potions of mutation {unknown}


   Skills:
 + Level 2.5 Fighting
 + Level 2.8 Short Blades
 * Level 5.6 Armour
 + Level 5.9 Dodging
 + Level 5.6 Stealth
 + Level 4.7 Spellcasting
 + Level 4.0 Conjurations
 + Level 4.4 Air Magic
 + Level 1.0 Earth Magic
 * Level 4.7 Invocations
 + Level 1.2 Evocations


You had 16 spell levels left.
You knew the following spells:

 Your Spells              Type           Power      Damage    Failure   Level
a - Shock                 Conj/Air       100%       1d9       1%          1

Your spell library contained the following spells:

 Spells                   Type           Power      Damage    Failure   Level
 Magic Dart               Conj           100%       1d8       1%          1
 Searing Ray              Conj           50%        2d6       2%          2
 Swiftness                Air            27%        N/A       4%          3
 Mercury Vapours          Alch/Air       32%        N/A       5%          2
 Sandblast                Erth           20%        2d7       6%          1
 Apportation              Tloc           10%        N/A       9%          1
 Necrotise                Necr           20%        1d5       9%          1
 Mephitic Cloud           Conj/Alch/Air  19%        N/A       9%          3
 Ensorcelled Hibernation  Hex/Ice        10%        N/A       14%         2
 Jinxbite                 Hex            10%        N/A       14%         2
 Sublimation of Blood     Necr           5%         N/A       14%         2
 Passwall                 Erth           10%        N/A       19%         3
 Fugue of the Fallen      Necr           5%         N/A       26%         3
 Vhi's Electric Charge    Tloc/Air       32%        N/A       34%         4
 Fulminant Prism          Conj/Alch      7%         3d7       36%         4
 Freezing Cloud           Conj/Ice/Air   9%         6-21      61%         5
 Anguish                  Hex/Necr       2%         N/A       65%         4
 Alistair's Intoxication  Alch           3%         N/A       94%         5
 Death Channel            Necr           2%         N/A       100%        6
 Infestation              Necr           2%         N/A       100%        8


Dungeon Overview and Level Annotations

Branches:
Dungeon (9/15)             Temple (1/1) D:5             Orc (0/2) D:9
 Bailey (1/1)
   Lair: D:8-11

Altars:
Ashenzari
Dithmenos
Fedhas
Gozag
Hepliaklqana
Kikubaaqudgha
Makhleb
Nemelex Xobeh
Okawaru
Qazlal
Ru
Sif Muna
Trog
Uskayaw
Vehumet
Wu Jian
Xom
Yredelemnul

Shops:
D:7 ([(


Innate Abilities, Weirdness & Mutations

You are partially covered in thin metallic scales. (AC +2)
When hurt, damage is shared between your health and your magic reserves.
You regenerate magic rapidly.
Spells you cast may paralyse adjacent enemies.
Your touch may irresistibly damage your foes and sap their willpower.


Message History

The zap hits the orc warrior!
The orc warrior is moderately wounded.
The zap hits the orc warrior.
The orc warrior is lightly wounded.
The zap hits the orc warrior.
The orc warrior is lightly wounded.
Malevolent energies surge around you.
The orc warrior completely misses you. x2
The orc warrior curses loudly.
Aiming: Shock (safe; 1% risk of failure)
Press: ? - help, Q - select action, (/) - cycle Shift-Dir - straight line, p - orc warrior The zap misses the orc warrior.
The zap hits the orc warrior.
The orc warrior is moderately wounded.
Malevolent energies surge around you. The orc warrior completely misses you.
The orc warrior barely misses you.
The orc warrior hits you from afar with a +0 halberd!
The orc warrior closely misses you. x2
The orc warrior hits you from afar with a +0 trident!
The orc warrior hits you from afar with a +0 halberd!
The orc warrior barely misses you.
Aiming: Shock (safe; 1% risk of failure)
Press: ? - help, Q - select action, (/) - cycle Shift-Dir - straight line The zap hits the orc warrior.
The orc warrior is lightly wounded.
The zap misses the orc warrior.
The zap hits the orc warrior but does no damage.
Malevolent energies surge around you.
The orc warrior suddenly stops moving!
The orc warrior closely misses you. x2; The orc warrior misses you.
The orc warrior hits you from afar with a +0 halberd!
You can now pass through a line of other dancers.
The orc warrior is no longer paralysed.
The orc warrior closely misses you.
The orc warrior hits you from afar with a +0 glaive.
The orc warrior closely misses you.
The orc warrior hits you from afar with a +0 trident.
The orc warrior hits you from afar with a +0 halberd!
* * * LOW HITPOINT WARNING * * *
The orc warrior attacks as it pursues you!
The orc warrior hits you from afar with a +0 halberd!
You die...
Your body falls in perfect tune with the rhythm.

...))...## ##........).~.#
############+#############.~.#
#.$$$. ....§§§.#'.....##.~.#
##.$ ≈≈≈.§§≈..##...##..~.#
.##.# ≈...§.§≈..##.##..~~.#
..#+# ...⌠§..≈≈..#+#..~~.##
..# ..⌠∩⌠oooo..# #..~~.∩# .##
≈....o≈≈..## ##..~).# ##
≈≈≈≈≈≈≈@.## ##..~.# #
........## ##.).#
############+###'#########.~.#
........##.....##.....)....~.#
))~~))~..##.∩.##..~~~)~~~~~~.#
......~~..## ##..~~..........#
#####..~~..###..~~.)##########
##..~~.....~)..##
##..~~~~~~~..##


You could see 5 orc warriors.

Vanquished Creatures
  Prince Ribbit (D:8)
  The ghost of EvilEddieB the Grave Robber, an amateur DsNe (D:3)
  Menkaure (D:7)
  An acid dragon (D:9)
  Duvessa (D:6)
  Edmund (D:5)
  A water moccasin (D:7)
  3 orc warriors
  An ice beast (D:5)
  2 black bears
  2 centaurs (D:8)
  2 phantoms
  A kobold brigand (D:8)
  A scorpion (D:6)
  3 bullfrogs
  Dowan (D:6)
  3 howler monkeys (D:9)
  3 bombardier beetles
  5 orc priests
  Crazy Yiuf (D:5)
  2 hounds
  A jelly (D:6)
  A gnoll bouda (D:8)
  Jessica (D:3)
  6 iguanas
  3 sleepcaps
  Ijyb (D:3)
  7 orc wizards
  Robin (D:3)
  7 gnolls
  9 adders
  A white imp (D:6)
  4 ufetubi (D:6)
  2 dart slugs (D:1)
  3 ribbon worms
  38 orcs
  6 bats
  An endoplasm (D:4)
  6 giant cockroaches
  11 hobgoblins
  3 quokkas
  5 ball pythons
  4 frilled lizards
  17 goblins
  11 kobolds
  8 rats
194 creatures vanquished.

Vanquished Creatures (others)
  2 orc wizards (D:8)
2 creatures vanquished.

Grand Total: 196 creatures vanquished

Notes
Turn   | Place    | Note
-------+----------+-------------------------------------------
     0 | D:1      | Barill the Demonspawn Wanderer began the quest for the Orb.
     0 | D:1      | Barill set off with the following items: a +0 dagger, a
                  | scroll of fog, a +0 robe, a +0 helmet; and the following
                  | spells available to memorise: Sandblast, Shock, Swiftness,
                  | Passwall, Vhi's Electric Charge.
     0 | D:1      | Reached XP level 1. HP: 13/13 MP: 2/2
     4 | D:1      | Learned a level 1 spell: Shock
   239 | D:1      | Gained mutation: You regenerate magic rapidly. [demonic
                  | ancestry]
   239 | D:1      | Reached XP level 2. HP: 19/19 MP: 0/3
   719 | D:1      | Reached XP level 3. HP: 24/24 MP: 2/4
  1055 | D:2      | Found a blossoming altar of Fedhas.
  1254 | D:2      | Reached skill level 1 in Stealth
  1313 | D:2      | Reached skill level 5 in Dodging
  1546 | D:3      | Noticed Jessica
  1553 | D:3      | Killed Jessica
  1554 | D:3      | Gained mutation: Your touch may inflict minor irresistible
                  | damage on your foes. [demonic ancestry]
  1554 | D:3      | Reached XP level 4. HP: 31/31 MP: 1/6
  1566 | D:3      | Reached skill level 1 in Armour
  1718 | D:3      | Noticed Ijyb
  1754 | D:3      | Killed Ijyb
  1755 | D:3      | Reached skill level 1 in Conjurations
  1755 | D:3      | Gained mutation: Spells you cast may paralyse adjacent
                  | enemies. [demonic ancestry]
  1755 | D:3      | Reached XP level 5. HP: 17/36 MP: 5/7
  1882 | D:3      | Found an opulent altar of Gozag.
  2090 | D:3      | Found a runed translucent door.
  2095 | D:3      | Noticed EvilEddieB's ghost (amateur DsNe)
  2111 | D:3      | Killed EvilEddieB's ghost
  2112 | D:3      | Reached skill level 1 in Fighting
  2112 | D:3      | Gained mutation: When hurt, damage is shared between your
                  | health and your magic reserves. [demonic ancestry]
  2112 | D:3      | Reached XP level 6. HP: 24/43 MP: 1/9
  2159 | D:3      | Found a runed translucent door.
  2732 | D:3      | Reached skill level 1 in Short Blades
  3123 | D:3      | Noticed Robin
  3130 | D:3      | Killed Robin
  3410 | D:4      | Got the Spellbook of Finality
  3429 | D:4      | Gained mutation: Your touch may inflict irresistible damage
                  | on your foes. [demonic ancestry]
  3429 | D:4      | Reached XP level 7. HP: 48/48 MP: 7/11
  4585 | D:5      | Entered Level 5 of the Dungeon
  4600 | D:5      | Noticed Edmund
  4642 | D:5      | Killed Edmund
  4746 | D:5      | Found a runed translucent door.
  4747 | D:5      | Noticed Crazy Yiuf
  4753 | D:5      | Killed Crazy Yiuf
  4819 | D:5      | Gained mutation: Your touch may irresistibly damage your
                  | foes and sap their willpower. [demonic ancestry]
  4819 | D:5      | Reached XP level 8. HP: 54/54 MP: 6/13
  5127 | D:5      | Found a staircase to the Ecumenical Temple.
  5137 | Temple   | Entered the Ecumenical Temple
  5204 | Temple   | Became a worshipper of Uskayaw the Reveller
  5304 | D:5      | Found a shadowy altar of Dithmenos.
  5306 | D:5      | Reached * piety under Uskayaw
  5310 | D:5      | Reached ** piety under Uskayaw
  5584 | D:6      | Reached *** piety under Uskayaw
  5586 | D:6      | Found an ornate altar of the Wu Jian Council.
  5597 | D:6      | Found a sparkling altar of Nemelex Xobeh.
  5633 | D:6      | Reached skill level 1 in Invocations
  5669 | D:6      | Noticed Duvessa
  5672 | D:6      | Noticed Dowan
  5686 | D:6      | Killed Duvessa
  5686 | D:6      | Killed Dowan
  6404 | D:7      | Reached **** piety under Uskayaw
  6489 | D:7      | Found Himifinafom's Armour Emporium.
  6594 | D:7      | Noticed Menkaure
  6603 | D:7      | Killed Menkaure
  6604 | D:7      | Reached skill level 5 in Armour
  6604 | D:7      | Gained mutation: You are partially covered in thin metallic
                  | scales. (AC +2) [demonic ancestry]
  6604 | D:7      | Reached XP level 9. HP: 55/61 MP: 8/15
  6704 | D:7      | Found Doriarul's Antique Weapon Boutique.
  6810 | D:7      | Found Magat's Antique Weapon Shop.
  6961 | D:8      | Found a radiant altar of Vehumet.
  7329 | D:8      | Noticed Prince Ribbit
  7344 | D:8      | Killed Prince Ribbit
  7611 | D:8      | Reached skill level 5 in Stealth
  7801 | D:9      | Found a staircase to the Orcish Mines.
  7890 | D:9      | Reached ***** piety under Uskayaw
  7967 | D:9      | Found a flagged portal.
  7975 | Bailey   | Entered a bailey
  8127 | Bailey   | Slain by an orc warrior

Illustrated notes

Levels and vault maps discovered:
D:1:      nagdon_arrival_double_spiral, layout_basic
D:2:      wander_river, layout_basic, basic_altar
D:3:      layout_basic, nicolae_gozag_seed_capital, ebering_ghost_sewer_f,
          hellmonk_no_cap, uniq_ijyb, uniq_robin, uniq_jessica
D:4:      layout_loops_ring, hangedman_decor_slide_cut, kennysheep_small_circle
D:5:      layout_basic, grunt_dithmenos_shadows, minmay_temple_entry_waves,
          minivault_26, uniq_crazy_yiuf_cottage, uniq_edmund
D:6:      layout_basic, grunt_temple_overflow_open, uniq_duvessa
D:7:      layout_basic, serial_shops, nicolae_shop_statue_plus,
          nicolae_shop_pleasant_corner_grove, shop,
          nicolae_kite_square_tiling_tiny, uniq_menkaure
D:8:      layout_loops_ring, kennysheep_mini, uniq_prince_ribbit1
D:9:      layout_irregular_city, orc_0_dummy, enter_bailey_3
Temple:   nicolae_temple_bog_church
Bailey:   bailey_polearm_1, bailey

Skill      XL: |  1  2  3  4  5  6  7  8  9 |
---------------+----------------------------+-----
Stealth        | 1 3 4 5 |  5.6
Dodging        | 5 |  5.9
Air Magic      | 2 3 4 |  4.4
Armour         | 1 2 4 5 |  5.6
Conjurations   | 1 2 3 4 |  4.0
Spellcasting   | 2 3 4 |  4.7
Fighting       | 1 2 |  2.5
Short Blades   | 1 2 |  2.8
Invocations    | 3 4 |  4.7
Earth Magic    | |  1.0
Evocations     | |  1.2

Action                     |  1- 3 |  4- 6 |  7- 9 || total
---------------------------+-------+-------+-------++-------
  Melee: Dagger            |   116 |    58 |   149 ||   323
         Touch             |       |    14 |    19 ||    33
   Cast: Shock             |    70 |    88 |   191 ||   349
 Invoke: Stomp             |       |       |     2 ||     2
         Line Pass         |       |       |     1 ||     1
    Use: Potion            |     4 |     2 |     6 ||    12
         Scroll            |       |       |    14 ||    14
   Stab: Paralysed         |       |     9 |    43 ||    52
         Sleeping          |       |     1 |     6 ||     7
         Confused          |       |       |     1 ||     1
 Armour: Robe              |    72 |    29 |   136 ||   237
         Skin              |    11 |       |       ||    11
         Leather armour    |       |       |    11 ||    11
  Dodge: Dodged            |   104 |    51 |   177 ||   332

Table legend: (Time is in decaauts)
 A = Elapsed time spent in this place.
 B = Non-inter-level travel time spent in this place.
 C = Inter-level travel time spent in this place.
 D = Time resting spent in this place.
 E = Time spent auto-exploring this place.
 F = Levels seen in this place.
 G = Mean time per level.
                   A        B        C        D        E       F      G
               +--------+--------+--------+--------+--------+-----+--------+
         Total |   8114 |   7825 |    289 |   1525 |   3888 |  11 |  737.6 |
       Dungeon |   7868 |   7615 |    253 |   1525 |   3862 |   9 |  874.2 |
        Temple |     79 |     43 |     36 |      0 |      0 |   1 |   79.0 |
        Bailey |    167 |    167 |      0 |      0 |     26 |   1 |  167.0 |
               +--------+--------+--------+--------+--------+-----+--------+

Top non-repeatable levels by time:
     D:3: 1714 daAuts
     D:4: 1312 daAuts
     D:5: 896 daAuts
     D:1: 876 daAuts
     D:8: 773 daAuts
     D:6: 688 daAuts
     D:2: 678 daAuts
     D:7: 656 daAuts
     D:9: 271 daAuts
  Bailey: 167 daAuts
  Temple: 79 daAuts
